AoeStats
← Kestuvaffer

Arabia

504455215Analyzed
1v1 RM · 25d ago on Sep 5, 2026· 24m 51s· 2 players
Game mode
Random Map
Map size
Tiny (2 player)
Population
200
Speed
Normal
Resources
Standard
Victory
Conquest
Starting age
Dark Age
Ending age
Imperial Age
RankedLock teamsTeams togetherTeam positionsShared explorationLock speedFull tech treeHidden civsTurbo modeCheats
Victory
Defeat
🇫🇷 Romans · France
970
+16
🇨🇭 Mapuche · Switzerland
963
-16
Caesar_2
7:36 Loom
11:23 Feudal Age
12:47 Champi Runner
Kestuvaffer
10:30 Feudal Age
10:56 Double-Bit Axe
10:40 Man-at-Arms
12:42 Scale Mail Armor
14:07 Forging
13:58 Loom
23:34 Castle Age
22:44 Horse Collar
23:36 Long Swordsman
24:17 Squires
24:56 Iron Casting
24:37 Chain Mail Armor
24:45 Bow Saw
24:42 Heavy Plow
Connection lost

Rejoining the realm…

Still unreachable

The connection could not be restored.

Session expired

The server has moved on; the page needs a fresh start.